 Dungeon Crawl Stone Soup version 0.21.1 (webtiles) character file.

49 shakethe the Skirmisher (level 3, 0/37 HPs)
             Began as an Ogre Skald on Feb 4, 2018.
             Succumbed to a worker ant's poison
             ... on level 2 of the Dungeon.
             The game lasted 00:05:23 (1387 turns).

shakethe the Skirmisher (Ogre Skald)                Turns: 1387, Time: 00:05:24

Health: 0/37       AC:  3    Str: 16    XL:     3   Next: 75%
Magic:  2/6        EV: 10    Int: 14    God:
Gold:   50         SH:  0    Dex:  8    Spells: 0/6 levels left

rFire    + . .     SeeInvis .   a - +0 mace
rCold    . . .     Gourm    .   (no shield)
rNeg     . . .     Faith    .   b - +0 robe
rPois    .         Spirit   .   (helmet restricted)
rElec    .         Reflect  .   (no cloak)
rCorr    .         Harm     .   (gloves unavailable)
MR       .....                  (boots unavailable)
Stlth    +.........             (no amulet)
HPRegen  0.12/turn              e - ring of protection from fire
MPRegen  0.10/turn              (no ring)

@: lethally poisoned (0 -> -8)
A: large, unfitting armour, tough skin 1
a: no special abilities


You were on level 2 of the Dungeon.
You were hungry.

You visited 1 branch of the dungeon, and saw 2 of its levels.

You collected 50 gold pieces.

Inventory:

Hand Weapons
 a - a +0 mace (weapon)
Missiles
 p - a large rock (quivered)
Armour
 b - a +0 robe (worn)
Jewellery
 e - a ring of protection from fire (left hand)
Scrolls
 f - a scroll of magic mapping {unknown}
 g - 3 scrolls of identify {unknown}
 h - 4 scrolls of remove curse {unknown}
 j - a scroll of teleportation {unknown}
 o - a scroll of fear {unknown}
Potions
 i - a potion of curing {unknown}
 k - 3 potions of heal wounds {unknown}
 l - a potion of brilliance {unknown}
 m - a potion of agility {unknown}
 n - a potion of flight {unknown}
Books
 c - a book of Battle

   Spells                             Type                      Level
   a - Infusion                       Charms                       1
   b - Shroud of Golubria             Charms/Translocation         2
   c - Song of Slaying                Charms                       2
   d - Spectral Weapon                Hexes/Charms                 3
   e - Regeneration                   Charms/Necromancy            3
Comestibles
 d - 2 rations


   Skills:
 + Level 3.4 Fighting
 * Level 2.8 Maces & Flails
 - Level 2.1 Dodging
 - Level 2.4 Spellcasting
 + Level 3.1 Charms


You couldn't memorise any spells.
You knew the following spells:

 Your Spells              Type           Power        Failure   Level  Hunger
a - Infusion              Chrm           ##..         6%          1    #......
b - Shroud of Golubria    Chrm/Tloc      #.........   19%         2    ###....
c - Regeneration          Chrm/Necr      #.........   34%         3    ###....


Dungeon Overview and Level Annotations

Branches:
Dungeon (2/15)

Altars:


Innate Abilities, Weirdness & Mutations

You are too large for most types of armour.
You have tough skin. (AC +1)


Message History

* * * LOW HITPOINT WARNING * * *
You feel sick.
The worker ant bites you but does no damage.
The frilled lizard bites you but does no damage.
* * * LOW HITPOINT WARNING * * *
You feel sick.
The worker ant bites you but does no damage.
The frilled lizard completely misses you.
* * * LOW HITPOINT WARNING * * *
You feel sick.
* * * LOW HITPOINT WARNING * * *
You feel sick.
The worker ant waves its antennae.
* * * LOW HITPOINT WARNING * * *
You feel sick.
You hit the plant but do no damage.
* * * LOW HITPOINT WARNING * * *
You feel sick. The worker ant barely misses you. x2
You completely miss the plant.
You die...

#... ... ###.#.#
#.# ....... ###.#
#...###...###
#((..†#...###
##.####.#...###
#..# #..P....#
##)###alP.P..$
#..##@P.♣♣...
##.##PP♣♣ ..# ###
#..#..♣ .# .P
♣###.# ##.#.#.
..♣♣....# #...###
♣P♣....#####..#
♣♣............#
♣♣♣......##.#...#
.........##.#...#


You could see a worker ant and a frilled lizard.

Vanquished Creatures
  An adder (D:2)
  3 dart slugs
  2 leopard geckos (D:1)
  2 bats (D:2)
  A giant cockroach (D:1)
  3 goblins
  4 hobgoblins
  A jackal (D:1)
  2 ball pythons
  3 frilled lizards (D:1)
  5 kobolds
  4 rats
31 creatures vanquished.

Notes
Turn   | Place    | Note
-------+----------+-------------------------------------------
     0 | D:1      | shakethe the Ogre Skald began the quest for the Orb.
     0 | D:1      | Reached XP level 1. HP: 22/22 MP: 3/3
   275 | D:1      | Reached XP level 2. HP: 27/31 MP: 5/5
   703 | D:1      | Reached XP level 3. HP: 31/37 MP: 6/6
   856 | D:2      | Learned a level 2 spell: Shroud of Golubria
   860 | D:2      | Learned a level 3 spell: Regeneration
  1386 | D:2      | HP: 1/37 [poisoned by a worker ant]
  1387 | D:2      | Succumbed to a worker ant's poison

Skill      XL: |  1  2  3 |
---------------+----------+-----
Maces & Flails | 2 |  2.8
Fighting       | 3 |  3.4
Charms         | 3 |  3.1
Dodging        | |  2.1
Spellcasting   | |  2.4

Action                   || total
-------------------------++-------
Melee: Mace              ||    95
Throw: Large rock        ||    13
 Cast: Regeneration      ||     1
       Shroud of Golubri ||     1
  Eat: Chunk             ||     1
Armor: Robe              ||    32
Dodge: Dodged            ||    82
